 Dungeon Sprint DCSS version 0.23-b1-84-g6588a6b (webtiles) character file.

Game seed: 14339758579246546520

49 EtherCrawl the Ruffian (level 3, 0/39 HPs)
             Began as a Troll Berserker on Feb 7, 2019.
             Was a Priest of Trog.
             Drowned by a water elemental (8 damage)
             ... in the Dungeon (Sprint III: "The Ten Rune Challenge").
             The game lasted 00:00:40 (99 turns).

EtherCrawl the Ruffian (Troll Berserker)              Turns: 99, Time: 00:00:41

Health: 0/39       AC:  8    Str: 26    XL:     3   Next: 53%
Magic:  2/2        EV: 11    Int:  3    God:    Trog [***...]
Gold:   8          SH:  0    Dex:  9    Spells: 2/2 levels left

rFire    . . .     SeeInvis .     - Unarmed
rCold    . . .     Gourm    +   (no shield)
rNeg     + . .     Faith    .   j - +2 robe {rN+}
rPois    .         Spirit   .   (helmet restricted)
rElec    .         Reflect  .   (no cloak)
rCorr    .         Harm     .   (gloves unavailable)
MR       .....     NoTele   +   (boots unavailable)
Stlth    +.........             (no amulet)
HPRegen  0.53/turn              (no ring)
MPRegen  0.08/turn              (no ring)

@: engulfed (cannot breathe), berserk cooldown, slowed, very slow
A: large, unfitting armour, claws 3, fast metabolism 3, gourmand, regeneration
1, shaggy fur 1, tough skin 3
a: Berserk, Trog's Hand, Renounce Religion


You were in the Dungeon.
You worshipped Trog.
Trog was most pleased with you.
You were not hungry.

You visited 1 branch You collected 8 gold pieces.

Inventory:

Armour
 a - a +0 animal skin
 j - a +2 robe of positive energy (worn)
Scrolls
 h - a scroll of blinking
 i - a scroll of torment {unknown}
 k - 4 scrolls of identify
 l - a scroll of remove curse {unknown}
 n - a scroll of immolation {unknown}
Potions
 c - 2 potions of curing
 d - a potion of heal wounds
 e - a potion of haste
 f - 2 potions of magic
 g - a potion of berserk rage
 m - a potion of flight {unknown}
 o - 5 potions of mutation
Comestibles
 b - 4 rations


   Skills:
 + Level 4.0 Fighting
 + Level 3.9 Dodging
 * Level 5.3 Unarmed Combat


You had 2 spell levels left.
You didn't know any spells.
Your spell library was empty.

Dungeon Overview and Level Annotations

Branches:
Dungeon (1/1)

Altars:


Innate Abilities, Weirdness & Mutations

You are too large for most types of armour.
You have claws for hands.
Your metabolism is lightning-fast.
You like to eat raw meat.
Your natural rate of healing is unusually fast.
You are covered in fur. (AC +1)
You have extremely tough skin. (AC +3)


Message History

Unknown command.
There is an open door here.
You open the door.
A water elemental comes into view.
You're still recovering from your berserk rage.
You claw the water elemental!
The water elemental is heavily damaged.
The water elemental completely misses you.
You scratch the water elemental but do no damage.
The water elemental is heavily damaged.
The water elemental misses you. The water elemental hits you!
The water elemental engulfs you in water!
You claw the water elemental!
The water elemental is almost destroyed.
Your lungs strain for air!
The water elemental hits you!
* * * LOW HITPOINT WARNING * * *
You barely miss the water elemental.
The water elemental is almost destroyed.
You die...

▓▓▓▓▓▓▓▓ ▓▓▓ <..#(..####
##.# ...#......#####..#
..##.......#..#..#
##.##.##...#..#..# #+#+#
##.##.###..##'#..#......
#.####.##..###..@E.⌠....
.###..##..####...#...###
#.....##..###....# ⌠.#
###..##...##.....# .#
#÷.##....#......# #
#..###..##.#.....# #[.#
#.. ####....# ▓▓▓▓ ▓▓▓
▓▓▓▓▓▓


You could see a water elemental.

Vanquished Creatures
  Jessica (D)
  A human (D)
  A phantom (D)
  3 rats (D)
6 creatures vanquished.

Vanquished Creatures (others)
  2 yaktaurs (D)
  A plant (D)
3 creatures vanquished.

Grand Total: 9 creatures vanquished

Notes
Turn   | Place    | Note
-------+----------+-------------------------------------------
     0 | D        | EtherCrawl the Troll Berserker began the quest for the Orb.
     0 | D        | Reached XP level 1. HP: 22/22 MP: 0/0
    16 | D        | Killed a yaktaur
    22 | D        | Noticed Jessica
    26 | D        | Killed Jessica
    26 | D        | Reached ** piety under Trog
    26 | D        | Reached skill level 4 in Unarmed Combat
    26 | D        | Reached XP level 2. HP: 32/32 MP: 1/1
    67 | D        | Reached skill level 5 in Unarmed Combat
    67 | D        | Reached XP level 3. HP: 39/39 MP: 2/2
    68 | D        | Reached *** piety under Trog
    73 | D        | Killed a yaktaur
    95 | D        | Noticed a water elemental
    99 | D        | Drowned by a water elemental

Skill      XL: |  1  2 |
---------------+-------+-----
Fighting       | 3 4 |  4.0
Dodging        | 3 |  3.9
Unarmed Combat | 4 5 |  5.3

Action                   || total
-------------------------++-------
Melee: Unarmed           ||    20
Invok: Berserk           ||     1
  Eat: Chunk             ||     1
Armor: Animal skin       ||     1
       Robe              ||     4
Dodge: Dodged            ||     7
